[Event "GrandPrix_29.05"]
[Site "Chess.com"]
[Date "2020.05.29"]
[Round "7"]
[White "jncool68"]
[Black "Sanan_Sjugirov"]
[Result "0-1"]
[WhiteElo "2301"]
[BlackElo "2724"]
[TimeControl "600+2"]
[EndTime "12:22:26 PDT"]
[Termination "Sanan_Sjugirov won by resignation"]

1. e4 c6 2. Nc3 d5 3. Nf3 Bg4 4.
h3 Bxf3 5. Qxf3 e6 6. Be2 Bc5 7. O-O Nd7 8. exd5 cxd5 9. Qg4 g6 10. d4 Ngf6 11. Qh4 Be7 12. Qg3 O-O 13. Bd3 a6 14. Ne2 Ne8 15. c3 Bd6 16. Nf4 Nef6 17. Qf3 Re8 18.
Re1 Rc8 19. Bd2 Nb6 20. Re2 Nc4 21. Bxc4 Rxc4 22. Rae1 Ne4 23. Bc1 Rc8 24. Nd3 Qf6 25. Bf4 Bxf4 26. Nxf4 b5 27. a3 a5 28. Qg4 b4 29. axb4 axb4 30. f3 Nd6 31. cxb4 Qxd4+ 32. Kh1 Rc4 33. Nh5 Kf8 34. Qxd4 Rxd4 35. Nf6 Rc8 36. Nxh7+ Kg7 37. Ng5 Rxb4 38. g3 Rcb8 39. Rc2 R8b7 40. Rc6 Nf5 41. g4 Nd4 42. Rc8 Rxb2 43. h4 Rd2 0-1

[Event "GrandPrix_29.05"]
[Site "Chess.com"]
[Date "2020.05.29"]
[Round "7"]
[White "bernereremit"]
[Black "Ave_Mariia"]
[Result "1-0"]
[WhiteElo "2181"]
[BlackElo "2150"]
[TimeControl "600+2"]
[EndTime "12:22:29 PDT"]
[Termination "bernereremit won by resignation"]

1. e4 c5 2. Nc3 d6 3. Nf3 Nf6 4. d4 cxd4 5. Nxd4 g6 6. Bc4 Bg7 7. f3 Nc6 8. Be3 O-O 9. Bb3 Bd7 10. h4 Ne5 11. h5 Nxh5 12. g4 Nf6 13. Qd2 b5 14. O-O-O Nc4 15. Bxc4 bxc4 16. Nd5 e5 17. Nf5 Bxf5 18. gxf5 Nxd5 19. Qxd5 gxf5 20. Rdg1 f4 21. Bxf4 exf4 22. Qf5 Re8 23. Rxh7 1-0

[Event "GrandPrix_29.05"]
[Site "Chess.com"]
[Date "2020.05.29"]
[Round "7"]
[White "caspiwins"]
[Black "Nikithebest"]
[Result "1-0"]
[WhiteElo "2312"]
[BlackElo "2145"]
[TimeControl "600+2"]
[EndTime "12:22:30 PDT"]
[Termination "caspiwins won by resignation"]

1. e4 c5 2. Nf3 d6 3. d4 cxd4 4. Nxd4 Nf6 5. Nc3 a6 6. f3 e5 7.
Nb3 Be6 8. Be3 Be7 9. Qd2 O-O 10. O-O-O Qc7 11. g4 Rc8 12. g5 Nh5 13. f4 exf4 14.
Bxf4 Nxf4 15. Qxf4 Nd7 16. Nd4 Ne5 17. h4 Rf8 18. Bh3 Bc4 19. Kb1 b5 20. Rhg1 b4 21. Nd5 Bxd5 22. exd5 g6 23. h5 a5 24. h6 a4 25. Rg3 a3 26. b3 Ra5 27. Rf1 Rxd5 28. Ne6 Qb8 29. Nxf8 Bxf8 30. Re3 Rc5 31. Rxe5 1-0

[Event "GrandPrix_29.05"]
[Site "Chess.com"]
[Date "2020.05.29"]
[Round "7"]
[White "Gabix_94"]
[Black "kotmizer"]
[Result "1-0"]
[WhiteElo "2447"]
[BlackElo "2227"]
[TimeControl "600+2"]
[EndTime "12:22:57 PDT"]
[Termination "Gabix_94 won by resignation"]

1. d4 Nf6 2. c4 c5 3. Nf3 cxd4 4. Nxd4 e6 5. Nc3 Nc6 6. g3 Qb6 7. Nb3 Ne5 8. Bg2 Nxc4 9. O-O Be7 10. e4 d6 11. Qe2 Qb4 12. Nd4 O-O 13. a3 Nxa3 14. Be3 e5 15. Nf5 Bxf5 16. exf5 d5 17. Bg5 e4 18. Rxa3 Rfd8 19. Rd1 Qc5 20. Rb3 Rd7 21.
Bxf6 Bxf6 22. Nxe4 1-0

[Event "GrandPrix_29.05"]
[Site "Chess.com"]
[Date "2020.05.29"]
[Round "7"]
[White "WildBizon"]
[Black "ZverevLev"]
[Result "1-0"]
[WhiteElo "2138"]
[BlackElo "2199"]
[TimeControl "600+2"]
[EndTime "12:23:00 PDT"]
[Termination "WildBizon won by resignation"]

1. e4 c5 2. Nc3 Nc6 3. Bb5 d6 4.
Bxc6+ bxc6 5. f4 g6 6. Nf3 Bg7 7. O-O Nf6 8. d3 O-O 9. Qe1 e5 10. fxe5 dxe5 11. b3 Ne8 12. Ba3 Nc7 13. Bxc5 Re8 14.
Be3 Ne6 15. Na4 Nd4 16. Nxd4 exd4 17. Bf4 f5 18. Nc5 fxe4 19. Nxe4 Bf5 20. Qb4 Bxe4 21. dxe4 Rxe4 22. Qc4+ Qd5 23. Qxd5+ cxd5 24. Rad1 Rae8 25. Rd2 Re1 26. Rxe1 Rxe1+ 27. Kf2 Re4 28. Bb8 Bh6 29.
Rd3 Be3+ 30. Kf3 Re7 31. c3 Rf7+ 32. Kg4 h5+ 33. Kh3 Rf8 34. Bxa7 g5 35. Bxd4 g4+ 36. Kh4 Bf2+ 37. Kxh5 Bxd4 38. Rxd4 Rf5+ 39. Kxg4 Rf2 40. Kg3 Rc2 41. Rxd5 Rxc3+ 42. Kh4 Rc2 43. Rg5+ Kh7 44. a4 Kh6 45. Rg3 Rc5 46. b4 Rh5+ 47. Kg4 Rd5 48.
Kf3 Rd4 49. Rg4 Rd3+ 50. Ke2 Ra3 51. b5 Kh5 52. h3 Ra2+ 53. Kd3 Ra3+ 54. Kc2 Ra2+ 55.
Kb3 1-0

[Event "GrandPrix_29.05"]
[Site "Chess.com"]
[Date "2020.05.29"]
[Round "7"]
[White "A_N_D-R_E_I"]
[Black "Lion_DL"]
[Result "0-1"]
[WhiteElo "2080"]
[BlackElo "2220"]
[TimeControl "600+2"]
[EndTime "12:23:07 PDT"]
[Termination "Lion_DL won by resignation"]

1. e4 Nc6 2. Nf3 d6 3. d4 Nf6 4. Nc3 Bg4 5. Be2 e6 6. h3 Bh5 7. O-O Be7 8. Be3 O-O 9. a3 d5 10. e5 Ne4 11. Nb1 f6 12. exf6 Bxf6 13. c3 Qd6 14.
Nbd2 Nxd2 15. Qxd2 e5 16. dxe5 Nxe5 17. Nxe5 Bxe2 18.
Qxe2 Bxe5 19. Rad1 c6 20. Rfe1 Rae8 21. Qc2 b6 22. Qb3 Qf6 23. Qa4 Bb8 24. Qg4 Re4 25. Qh5 Rxe3 26. fxe3 Qf2+ 27. Kh1 Qg3 0-1

[Event "GrandPrix_29.05"]
[Site "Chess.com"]
[Date "2020.05.29"]
[Round "7"]
[White "StephenDedalus83"]
[Black "ehrenfeld"]
[Result "1-0"]
[WhiteElo "2100"]
[BlackElo "2015"]
[TimeControl "600+2"]
[EndTime "12:23:23 PDT"]
[Termination "StephenDedalus83 won by resignation"]

1. e4 e5 2. Nf3 Nc6 3. Bb5 a6 4. Ba4 Nf6 5. O-O Be7 6. Re1 b5 7. Bb3 d6 8. c3 O-O 9. h3 Na5 10. Bc2 c5 11. d4 Qc7 12. Nbd2 Bd7 13. Nf1 Rfe8 14. b3 cxd4 15. cxd4 Nc6 16. Bb2 Nb4 17. Bb1 Bf8 18. Qd2 d5 19. dxe5 Nxe4 20. Bxe4 dxe4 21. Rxe4 a5 22. a3 Bc6 23. Rc1 Qb7 24. Rh4 Bxf3 25. gxf3 Rad8 26. Bd4 Nc6 27. Qc2 f5 28. Qxc6 Qxc6 29.
Rxc6 g5 30. Rh5 Rxd4 31. Rxg5+ Kf7 32. Rxf5+ Ke7 33. Ne3 Rd3 34. b4 Rxa3 35. bxa5 Rxa5 36. e6 Bh6 37. Rf7+ 1-0

[Event "GrandPrix_29.05"]
[Site "Chess.com"]
[Date "2020.05.29"]
[Round "7"]
[White "AlexPapasimakopoulos"]
[Black "Margency"]
[Result "0-1"]
[WhiteElo "2220"]
[BlackElo "2252"]
[TimeControl "600+2"]
[EndTime "12:23:32 PDT"]
[Termination "Margency won by resignation"]

1. d4 d5 2. c4 e6 3. Nc3 c5 4. cxd5 exd5 5. Nf3 Nc6 6. g3 Nf6 7. Bg2 Be7 8. O-O O-O 9. Bg5 cxd4 10. Nxd4 h6 11.
Be3 Re8 12. Qa4 Bd7 13. Rad1 Nb4 14. Qb3 a5 15. a4 Rc8 16. Rd2 Bc5 17. Rfd1 Rxe3 18.
fxe3 Qe7 19. Ncb5 Ng4 20. Bf3 Nxe3 21. Kf2 Nxd1+ 22. Rxd1 Bxb5 23. axb5 a4 24. Qc3 Rc7 25. Kg2 Bxd4 26. Qxd4 Nc2 27. Qxa4 Ne3+ 28. Kf2 Nxd1+ 29. Qxd1 Qc5+ 30. Kg2 Qxb5 31. Bxd5 Rd7 32. e4 Qxb2+ 33. Kh3 Qe5 34. Qc2 Rc7 35. Qa4 Qe7 36. Qa8+ Kh7 37. Qa2 g6 38. Kg2 Qf6 39. h4 h5 40. Qe2 Qe5 41. Qf3 Kg7 42. Kh3 Rd7 43. Qb3 Qa1 44. Qf3 b5 45. Bc6 Rd3 46. e5 0-1

[Event "GrandPrix_29.05"]
[Site "Chess.com"]
[Date "2020.05.29"]
[Round "7"]
[White "IriBu"]
[Black "N4700000"]
[Result "1-0"]
[WhiteElo "2345"]
[BlackElo "2331"]
[TimeControl "600+2"]
[EndTime "12:23:37 PDT"]
[Termination "IriBu won by resignation"]

1. e4 c5 2. Nf3 e6 3. d4 cxd4 4. Nxd4 Nf6 5. Nc3 Nc6 6. a3 d5 7. Bb5 Bd7 8. exd5 exd5 9. O-O Be7 10. Bg5 O-O 11. Nf3 Be6 12. Re1 h6 13. Bh4 a6 14.
Bf1 d4 15. Ne2 Bc5 16. Nf4 Bf5 17. Bd3 Bc8 18. Nh5 g5 19. Nxg5 Ng4 20. Bh7+ Kh8 21. Nxf7+ Rxf7 22. Bxd8 Kxh7 23. Bh4 Bf5 24. Ng3 Bd7 25.
Ne4 Bb6 26. h3 Nge5 27. Qh5 Rg8 28. Nf6+ Rxf6 29. Bxf6 Ng6 30. Bg5 Kg7 31. Bxh6+ Kf6 32. Qg5+ Kf7 33. Qd5+ 1-0

[Event "GrandPrix_29.05"]
[Site "Chess.com"]
[Date "2020.05.29"]
[Round "7"]
[White "mikolka1985"]
[Black "Kiril1965"]
[Result "0-1"]
[WhiteElo "2395"]
[BlackElo "2646"]
[TimeControl "600+2"]
[EndTime "12:23:43 PDT"]
[Termination "Kiril1965 won by resignation"]

1. d4 Nf6 2. c4 g6 3. g3 c5 4.
d5 b5 5. cxb5 a6 6. bxa6 Bg7 7.
Bg2 d6 8. Nc3 O-O 9. Nf3 Bf5 10.
Nh4 Bd7 11. O-O Nxa6 12. Bd2 Qb6 13. Qc1 Rfb8 14. Rb1 Nc7 15. Re1 Nb5 16. Nxb5 Bxb5 17. a3 Qa6 18. Bc3 Rb7 19. Qd2 Rab8 20. b4 Qxa3 21. Ra1 Qb3 22. bxc5 Ne4 23. Bxe4 Qxc3 24. Qxc3 Bxc3 25. c6 Rb6 26. Bf3 Bxe1 27. Rxe1 Ba6 28. Kg2 Rb1 29. Rxb1 Rxb1 30. Be4 Rc1 31. e3 f5 0-1

[Event "GrandPrix_29.05"]
[Site "Chess.com"]
[Date "2020.05.29"]
[Round "7"]
[White "Chessialist"]
[Black "Keks2017"]
[Result "1-0"]
[WhiteElo "2541"]
[BlackElo "2331"]
[TimeControl "600+2"]
[EndTime "12:23:54 PDT"]
[Termination "Chessialist won by resignation"]

1. c4 d6 2. Nc3 Nf6 3. g3 g6 4. Bg2 Bg7 5. e3 O-O 6. Nge2 Nbd7 7. O-O e5 8. d3 Re8 9. Rb1 Nf8 10. b4 h5 11. h4 c6 12. b5 c5 13. a4 Rb8 14.
Nd5 Nxd5 15. Bxd5 Nh7 16. e4 Bh3 17. Re1 Qf6 18. f4 Bg4 19. Rf1 Qe7 20. fxe5 Qxe5 21. Bxf7+ Kh8 22. Bxe8 Rxe8 23. Bb2 Bxe2 24. Bxe5 Bxd1 25.
Bxg7+ Kxg7 26. Rbxd1 Nf6 27. Rf4 Ng4 28. d4 cxd4 29.
Rxd4 Re6 30. Kf1 Ne5 31. Ke2 Nd7 32. Ke3 Nc5 33. Rf2 Nb3 34. Rd5 Nc5 35. e5 Nxa4 36.
Rxd6 Rxe5+ 37. Kd4 Re7 38. Rff6 b6 39. Rxg6+ Kf7 40.
Rh6 Kg7 41. Rdg6+ Kf7 42. Rh7+ 1-0

[Event "GrandPrix_29.05"]
[Site "Chess.com"]
[Date "2020.05.29"]
[Round "7"]
[White "GM_LOADING"]
[Black "MAS_1704"]
[Result "1-0"]
[WhiteElo "2329"]
[BlackElo "2107"]
[TimeControl "600+2"]
[EndTime "12:24:04 PDT"]
[Termination "GM_LOADING won by resignation"]

1. e4 g6 2. d4 Bg7 3. Nc3 d6 4. Be3 Nf6 5. f3 c6 6. Qd2 b5 7. g4 h5 8. g5 Nfd7 9. O-O-O Nb6 10. Bd3 O-O 11. f4 d5 12. f5 dxe4 13. Bxe4 Bxf5 14.
Bxf5 gxf5 15. Nh3 b4 16. Ne2 Qd5 17. Kb1 Qf3 18. Nef4 Nc4 19. Qd3 Nxe3 20. Rhe1 Qxd1+ 21. Rxd1 Nxd1 22. Qxd1 Rd8 23. g6 Nd7 24. gxf7+ Kxf7 25. Qxh5+ Kg8 26. Ng5 Nf8 27. Qf7+ Kh8 28. Ng6+ Nxg6 29.
Qxg6 Kg8 30. Ne6 1-0

[Event "GrandPrix_29.05"]
[Site "Chess.com"]
[Date "2020.05.29"]
[Round "7"]
[White "cantdefyme"]
[Black "esskeettit"]
[Result "0-1"]
[WhiteElo "1982"]
[BlackElo "2095"]
[TimeControl "600+2"]
[EndTime "12:24:15 PDT"]
[Termination "esskeettit won by resignation"]

1. e4 c5 2. Nf3 Nc6 3. d4 cxd4 4.
Nxd4 g6 5. Nc3 Bg7 6. Be3 Nf6 7.
Bc4 O-O 8. Bb3 Re8 9. f3 d5 10. exd5 Nb4 11. Nde2 e6 12. dxe6 Bxe6 13. Bd2 Bxb3 14. axb3 Qb6 15. Na4 Qb5 16. Bxb4 Qxb4+ 17. c3 Qe7 18. c4 Nh5 19. Nc3 Bxc3+ 20. bxc3 Nf4 21. Ra2 Rad8 22. Qc2 Nxe2 0-1

[Event "GrandPrix_29.05"]
[Site "Chess.com"]
[Date "2020.05.29"]
[Round "7"]
[White "Borsuk_Konstantin"]
[Black "SergeyVashchilov"]
[Result "1/2-1/2"]
[WhiteElo "1853"]
[BlackElo "2055"]
[TimeControl "600+2"]
[EndTime "12:24:19 PDT"]
[Termination "Game drawn by repetition"]

1. d4 d5 2. c4 e6 3. Nc3 Nf6 4. cxd5 exd5 5. Bg5 Be7 6. e3 c6 7. Bd3 Nbd7 8. Qc2 Nh5 9. Bxe7 Qxe7 10. Nge2 Nb6 11.
O-O g6 12. Rae1 O-O 13. Nc1 Ng7 14. f3 Be6 15. Nb3 Nd7 16. Qf2 c5 17. Nxc5 Nxc5 18. dxc5 Qxc5 19. Rc1 Rac8 20. Ne2 Qa5 21. Nd4 Rxc1 22.
Rxc1 Qxa2 23. Rc7 Qa1+ 24. Bf1 b6 25. g4 Ne8 26. Re7 Ng7 27. Rc7 Ne8 28. Re7 Ng7 29.
Rc7 1/2-1/2

[Event "GrandPrix_29.05"]
[Site "Chess.com"]
[Date "2020.05.29"]
[Round "7"]
[White "Volodar_Murzin"]
[Black "tsaruk_maks"]
[Result "0-1"]
[WhiteElo "2396"]
[BlackElo "2311"]
[TimeControl "600+2"]
[EndTime "12:24:21 PDT"]
[Termination "tsaruk_maks won by resignation"]

1. e4 e6 2. d4 d5 3. Nc3 Bb4 4. e5 c5 5. a3 Bxc3+ 6. bxc3 Ne7 7. a4 b6 8. Nf3 Ba6 9. Bb5+ Bxb5 10. axb5 a5 11. Ba3 Nd7 12. Qd3 O-O 13. O-O c4 14. Qd2 Re8 15. Ng5 h6 16. Nh3 Ng6 17. f4 f5 18. Qe2 Ndf8 19. Kh1 Qh4 20. Rf3 Ra7 21. Raf1 Rf7 22. Qd2 Qd8 23. Rg3 Qd7 24. Rb1 Nh8 25.
Qd1 g6 26. Qh5 Rh7 27. Ng1 Kf7 28. Qh3 Ra8 29. Nf3 Ra7 30. Ng5+ hxg5 0-1

[Event "GrandPrix_29.05"]
[Site "Chess.com"]
[Date "2020.05.29"]
[Round "7"]
[White "cukus"]
[Black "Belka1989"]
[Result "1-0"]
[WhiteElo "2176"]
[BlackElo "2012"]
[TimeControl "600+2"]
[EndTime "12:24:23 PDT"]
[Termination "cukus won by resignation"]

1. e4 c5 2. Nf3 d6 3. d4 cxd4 4. Nxd4 Nf6 5. Nc3 a6 6. Be3 e5 7. Nb3 Be7 8. f3 Be6 9. Qd2 O-O 10. O-O-O a5 11. a4 Nc6 12. Kb1 Nb4 13. g4 Rc8 14. g5 Nh5 15. Rg1 d5 16. exd5 Bf5 17. Na1 Bd6 18. Ne4 Qd7 19. Bb5 Qe7 20. c3 Na6 21. Nb3 Nf4 22. Ka1 Qc7 23. h4 Rfd8 24. Rge1 Bxe4 25.
fxe4 Nc5 26. Nxc5 Bxc5 27. Bxf4 exf4 28. e5 Be3 29. Rxe3 fxe3 30. Qxe3 b6 31. d6 Qc5 32.
Qe4 g6 33. h5 Qf2 34. Rf1 Qg3 35. d7 Rc5 36. e6 Qxg5 37. e7 1-0

[Event "GrandPrix_29.05"]
[Site "Chess.com"]
[Date "2020.05.29"]
[Round "7"]
[White "Kobalia"]
[Black "VSERGUEI"]
[Result "1-0"]
[WhiteElo "2304"]
[BlackElo "2346"]
[TimeControl "600+2"]
[EndTime "12:24:35 PDT"]
[Termination "Kobalia won by resignation"]

1. e4 e6 2. d3 d5 3. Nd2 Nf6 4. Ngf3 b6 5. e5 Nfd7 6. d4 c5 7. c3 Be7 8. Be2 Ba6 9. Nf1 Bxe2 10. Qxe2 Qc8 11. h4 Qa6 12. h5 Qxe2+ 13. Kxe2 h6 14. Be3 Nc6 15. N3d2 b5 16. f4 a5 17. Nh2 b4 18.
Nhf3 c4 19. a4 bxa3 20. bxa3 a4 21. Ne1 Na5 22. Nc2 Nb3 23. Ra2 Nb8 24. Nb4 Na6 25.
g4 Kd7 26. f5 Nc7 27. Nb1 Nb5 28. Rf1 Rag8 29. Kd1 Ra8 30. Rf3 Nc7 31. Raf2 Rhg8 32. fxe6+ fxe6 33. Rf7 Raf8 34. g5 Rxf7 35. Rxf7 Ke8 36. g6 Nb5 37. Nc6 Bxa3 38. Nxa3 Nxa3 39. Re7+ Kf8 40. Rd7 1-0

[Event "GrandPrix_29.05"]
[Site "Chess.com"]
[Date "2020.05.29"]
[Round "7"]
[White "AlexVanGog"]
[Black "Novoselski"]
[Result "1-0"]
[WhiteElo "2633"]
[BlackElo "2434"]
[TimeControl "600+2"]
[EndTime "12:24:41 PDT"]
[Termination "AlexVanGog won by resignation"]

1. d4 g6 2. c4 Bg7 3. e4 c5 4. d5 e5 5. Nc3 d6 6. g3 Ne7 7. h4 h6 8. Bg2 O-O 9. Bd2 Kh7 10. Nf3 Na6 11. a3 Bd7 12. Nb5 Bxb5 13. cxb5 Nc7 14. a4 a6 15. b6 Ne8 16. a5 Nf6 17. Qc2 Neg8 18. O-O-O Ng4 19. Bc3 f6 20. h5 gxh5 21. Rxh5 f5 22. exf5 N8f6 23. Ng5+ Kg8 24. Ne6 Qe7 25. Rh4 Rf7 26. Bf3 h5 27. Bxg4 hxg4 28. Rdh1 Rff8 29. Qd2 Ne4 30. Qe3 Nxc3 31. bxc3 Rf7 32. Rxg4 Qf6 33. Qh6 1-0

[Event "GrandPrix_29.05"]
[Site "Chess.com"]
[Date "2020.05.29"]
[Round "7"]
[White "Gabrielian_Artur"]
[Black "Magicmaster17"]
[Result "0-1"]
[WhiteElo "2454"]
[BlackElo "2495"]
[TimeControl "600+2"]
[EndTime "12:25:11 PDT"]
[Termination "Magicmaster17 won by resignation"]

1. e4 e5 2. Nc3 Nf6 3. g3 d5 4.
exd5 Nxd5 5. Bg2 Ne7 6. Nf3 Nbc6 7. O-O g6 8. d4 exd4 9. Nb5 Bg7 10. Bf4 O-O 11.
Nxc7 Rb8 12. Re1 a6 13. Qd2 Bg4 14. Re4 Bf5 15. Re2 Rc8 16. Rae1 Rxc7 17. Bxc7 Qxc7 18. h3 h6 19. a3 Rd8 20. Nh4 Be6 21. Rxe6 fxe6 22.
Rxe6 g5 23. Nf3 Nf5 24. g4 Nfe7 25. Qe2 Rf8 26. Nd2 Ne5 27. Ne4 N7g6 28. Rd6 Nf4 29. Qd1 Nc4 0-1

[Event "GrandPrix_29.05"]
[Site "Chess.com"]
[Date "2020.05.29"]
[Round "7"]
[White "ArnaudovP"]
[Black "1stSecond"]
[Result "1-0"]
[WhiteElo "2395"]
[BlackElo "2413"]
[TimeControl "600+2"]
[EndTime "12:25:13 PDT"]
[Termination "ArnaudovP won by resignation"]

1. d4 Nf6 2. c4 c5 3. d5 e6 4. Nc3 exd5 5. cxd5 d6 6. e4 a6 7. f4 Bg4 8. Nf3 Nbd7 9. a4 c4 10. Be3 Qa5 11. Bxc4 Nxe4 12. O-O Nxc3 13. Qe1 Be7 14. Bd4 Rc8 15. Bd3 Nc5 16. Bc2 Qc7 17. bxc3 O-O 18. Qg3 1-0

[Event "GrandPrix_29.05"]
[Site "Chess.com"]
[Date "2020.05.29"]
[Round "7"]
[White "Infernal_XaM"]
[Black "szachuspl"]
[Result "0-1"]
[WhiteElo "2556"]
[BlackElo "2417"]
[TimeControl "600+2"]
[EndTime "12:25:15 PDT"]
[Termination "szachuspl won by resignation"]

1. d4 Nf6 2. c4 g6 3. Nc3 Bg7 4. e4 d6 5. f3 O-O 6. Be3 e5 7. d5 Nh5 8. Qd2 f5 9. O-O-O Nd7 10. Bd3 Nc5 11. Bc2 a5 12. exf5 gxf5 13. Nge2 Kh8 14. Ng3 Qe8 15. Nb5 Na6 16. Qxa5 Bd7 17. Kb1 Nf4 18. Qd2 Bxb5 19. cxb5 Qxb5 20. a4 Qd7 21.
Rhe1 Nc5 22. Bxc5 dxc5 23. d6 cxd6 24. Qxd6 Qxd6 25. Rxd6 Nxg2 26. Rg1 Ne3 27. Nh5 Rg8 28. Rd7 Bh6 29. Rxg8+ Rxg8 30. Nf6 Rg1+ 31. Ka2 Bg7 32.
Rd8+ Bf8 33. Rxf8+ Kg7 34. Rg8+ Kxf6 35. Rxg1 Nxc2 36.
f4 exf4 37. Rf1 Ke5 38. Kb3 Ne3 39. Rf2 b6 40. a5 bxa5 41. Ka4 Ke4 42. Kxa5 f3 43. Kb5 c4 44. h3 Kf4 0-1

[Event "GrandPrix_29.05"]
[Site "Chess.com"]
[Date "2020.05.29"]
[Round "7"]
[White "viktorskliarov"]
[Black "RussianChessFighter"]
[Result "1-0"]
[WhiteElo "2213"]
[BlackElo "2203"]
[TimeControl "600+2"]
[EndTime "12:25:27 PDT"]
[Termination "viktorskliarov won by checkmate"]

1. e4 Nc6 2. Nc3 Nf6 3. d4 d5 4.
e5 Nd7 5. Nge2 Nb6 6. Ng3 g6 7. a4 a5 8. Bb5 Bf5 9. Nxf5 gxf5 10. e6 fxe6 11. Qh5+ Kd7 12. Bf4 Bg7 13. O-O-O Qe8 14.
Qe2 Qg6 15. Rhe1 Bh6 16. Bxh6 Qxh6+ 17. Kb1 Rhg8 18. g3 Nc8 19. Rd3 Rg6 20. Re3 Kd6 21. Re5 N8a7 22. Nxd5 exd5 23. Rxd5+ Kxd5 24. Qc4+ Kd6 25. Qc5+ Kd7 26. Qxe7+ Kc8 27. Qe8+ Nd8 28. Qxd8+ Kxd8 29. Re8# 1-0

[Event "GrandPrix_29.05"]
[Site "Chess.com"]
[Date "2020.05.29"]
[Round "7"]
[White "AsadliVugar"]
[Black "BakaPG"]
[Result "1-0"]
[WhiteElo "2413"]
[BlackElo "2206"]
[TimeControl "600+2"]
[EndTime "12:26:00 PDT"]
[Termination "AsadliVugar won by resignation"]

1. e4 e6 2. d3 d5 3. Nd2 Nf6 4. Ngf3 Bc5 5. h3 O-O 6. g4 dxe4 7. dxe4 Nc6 8. Bg2 e5 9. O-O Be6 10. Qe2 Re8 11. Nc4 Nd7 12. c3 a5 13. a4 f6 14.
Nh4 Nf8 15. Be3 Qe7 16. Nf5 Qf7 17. Nd2 Ba7 18. Qb5 Rab8 19. Bxa7 Nxa7 20. Qxa5 Nc6 21. Qc5 Ng6 22. a5 Nd8 23. Qe3 Nf4 24. b4 Kh8 25. b5 Bd7 26. Rfb1 Nde6 27. Bf1 g6 28.
Ng3 Red8 29. a6 b6 30. Nf3 g5 31. Rd1 Nc5 32. Nf5 Ra8 33. Rab1 Rdc8 34. Rb2 Be6 35. h4 gxh4 36. N3xh4 Bxf5 37. Nxf5 Qg6 38. f3 Qg5 39. Rh2 Rd8 40. Rxd8+ Rxd8 41. Ra2 h5 42. a7 Ra8 43. Bc4 hxg4 44. Rh2+ Nh3+ 45. Kf1 Rxa7 46. Qxg5 fxg5 47. fxg4 Ra1+ 48. Ke2 1-0

[Event "GrandPrix_29.05"]
[Site "Chess.com"]
[Date "2020.05.29"]
[Round "7"]
[White "FCLitras"]
[Black "Arasvard"]
[Result "1/2-1/2"]
[WhiteElo "1843"]
[BlackElo "2029"]
[TimeControl "600+2"]
[EndTime "12:26:07 PDT"]
[Termination "Game drawn by agreement"]

1. d4 Nf6 2. c4 c5 3. d5 b5 4.
cxb5 a6 5. bxa6 g6 6. Nc3 Bg7 7. Nf3 O-O 8. g3 d6 9. Bg2 Nbd7 10. O-O Nb6 11. Nd2 Bxa6 12. Rb1 Nfd7 13. Re1 Ne5 14. Qc2 Nbc4 15. Nxc4 Nxc4 16. b3 Qa5 17. bxc4 Qxc3 18. Qd1 Bxc4 19. Bb2 Qa5 20. Bxg7 Kxg7 21. e4 Rfb8 22.
Rxb8 Rxb8 23. e5 dxe5 24. Rxe5 Qxa2 25. Re1 Rb2 26. Qf3 Rb1 27. Qc3+ f6 28. h4 Qb3 29. Qa5 Rxe1+ 30. Qxe1 Kf8 31. Qa5 Qb5 32. Qd8+ Qe8 33. Qc7 Qb5 34. Qc8+ Kg7 35. Qc7 Kf8 1/2-1/2

[Event "GrandPrix_29.05"]
[Site "Chess.com"]
[Date "2020.05.29"]
[Round "7"]
[White "Igor_Lysyj"]
[Black "kpio91"]
[Result "1-0"]
[WhiteElo "2631"]
[BlackElo "2601"]
[TimeControl "600+2"]
[EndTime "12:26:25 PDT"]
[Termination "Igor_Lysyj won by resignation"]

1. d4 f5 2. g3 Nf6 3. Bg2 g6 4. Nd2 Bg7 5. c3 Nc6 6. b4 e6 7. b5 Ne7 8. Ngf3 O-O 9. O-O a6 10. c4 axb5 11. cxb5 Ned5 12. Qb3 d6 13. Bb2 h6 14.
Rfe1 g5 15. e4 fxe4 16. Nxe4 Nxe4 17. Rxe4 Qf6 18. Rae1 Qf5 19. h3 Bd7 20. g4 Qf7 21.
Bc1 Ra5 22. a4 Kh8 23. Bd2 Raa8 24. a5 c6 25. bxc6 Bxc6 26. Rxe6 Nf4 27. Bxf4 Qxf4 28.
d5 Ba4 29. Qb6 Bc2 30. Qxb7 Rxa5 31. Qc7 Rc5 32. Qxd6 Qxd6 33. Rxd6 Bb3 34. Ne5 Kg8 35. Nd7 Rd8 36. Nxc5 1-0

[Event "GrandPrix_29.05"]
[Site "Chess.com"]
[Date "2020.05.29"]
[Round "7"]
[White "ALeks_Ivlev"]
[Black "Alex_Molchanov"]
[Result "1-0"]
[WhiteElo "2089"]
[BlackElo "2050"]
[TimeControl "600+2"]
[EndTime "12:26:25 PDT"]
[Termination "ALeks_Ivlev won by checkmate"]

1. d4 Nf6 2. c4 e6 3. g3 c5 4. d5 exd5 5. cxd5 d6 6. Nc3 g6 7. Nf3 Bg7 8. Bg2 O-O 9. O-O Nbd7 10. Bf4 Nb6 11. Nd2 Nh5 12. Be3 Re8 13. a4 Nd7 14. Nc4 Ne5 15. Na3 a6 16. h3 f5 17.
Kh2 Qf6 18. Qd2 Nf7 19. Nc4 g5 20. f4 gxf4 21. gxf4 Qh4 22. Qe1 Qxe1 23. Rfxe1 Bd7 24. Bd2 b5 25. Nb6 Rad8 26. Nxd7 Rxd7 27. axb5 axb5 28. Bf3 Nf6 29. Nxb5 Rb7 30. Na3 Rxb2 31. Nc4 Rc2 32. Rec1 Rxc4 33. Rxc4 Ng4+ 34. hxg4 Bxa1 35. gxf5 Nh6 36.
e4 Rb8 37. Ba5 Nf7 38. Ra4 Bd4 39. Bc7 Rb2+ 40. Kg3 Rb3 41. Ra6 h5 42. Bxd6 h4+ 43. Kg4 Nh6+ 44. Kh5 Rxf3 45. Kxh6 h3 46. Ra8+ Kf7 47.
Rf8# 1-0

[Event "GrandPrix_29.05"]
[Site "Chess.com"]
[Date "2020.05.29"]
[Round "7"]
[White "OhanyanEminChess"]
[Black "Karinaa87"]
[Result "1-0"]
[WhiteElo "2057"]
[BlackElo "1854"]
[TimeControl "600+2"]
[EndTime "12:26:27 PDT"]
[Termination "OhanyanEminChess won by resignation"]

1. e4 e5 2. Nf3 Nc6 3. Bc4 Nf6 4.
d3 Be7 5. O-O O-O 6. Re1 d6 7. h3 Na5 8. Bb3 Nxb3 9. axb3 c6 10. Nbd2 Ne8 11. d4 Qc7 12. Nc4 Bf6 13. dxe5 dxe5 14.
Bd2 b5 15. Ba5 Qe7 16. Ne3 g6 17. Qd2 Be6 18. Qb4 Qb7 19. Qc5 Nc7 20. Nxe5 Na6 21. Qxc6 Qxc6 22. Nxc6 Rac8 23. Nxa7 Rb8 24. Bc3 Bxc3 25.
bxc3 Nc5 26. Nc6 Rb6 27. Ne7+ Kg7 28. N7d5 Rd6 29. f3 f5 30. Ra7+ Rf7 31. Rxf7+ Kxf7 32.
c4 fxe4 33. fxe4 Nxe4 34. Nf4 Bd7 35. Ned5 Nc5 36. Re7+ Kg8 37. b4 Na4 38. Rxd7 Rxd7 39. Nf6+ Kf7 40. Nxd7 bxc4 41. Ne5+ Kf6 42. Nxc4 Kf5 43.
Nd3 Ke4 44. b5 Kd4 45. b6 1-0

[Event "GrandPrix_29.05"]
[Site "Chess.com"]
[Date "2020.05.29"]
[Round "7"]
[White "XeresLt"]
[Black "Happy1712Drummer"]
[Result "0-1"]
[WhiteElo "1911"]
[BlackElo "2217"]
[TimeControl "600+2"]
[EndTime "12:26:28 PDT"]
[Termination "Happy1712Drummer won by checkmate"]

1. e4 c6 2. d4 d5 3. exd5 cxd5 4. c4 Nf6 5. Nc3 e6 6. Nf3 Be7 7. cxd5 Nxd5 8. Bd3 Nc6 9. O-O O-O 10. Re1 Nf6 11. a3 b6 12. Be3 Bb7 13. Rc1 Rc8 14. h3 Na5 15. Ne5 Nd5 16. Bd2 f5 17. b4 Nxc3 18.
Bxc3 Qd5 19. Nf3 Nc4 20. Qe2 Rf6 21. a4 Rg6 22. Kh1 a6 23. Rg1 b5 24. axb5 axb5 25. Ra1 Bd6 26. Qd1 Bb8 27. Rc1 Rh6 28. Be2 Qd6 29. d5 Bxd5 30. Be5 Qxe5 31. Nxe5 Rxh3# 0-1

[Event "GrandPrix_29.05"]
[Site "Chess.com"]
[Date "2020.05.29"]
[Round "7"]
[White "WhiteCapital80"]
[Black "Saqo007"]
[Result "0-1"]
[WhiteElo "2140"]
[BlackElo "2130"]
[TimeControl "600+2"]
[EndTime "12:26:29 PDT"]
[Termination "Saqo007 won by resignation"]

1. e4 c5 2. Nf3 d6 3. d4 cxd4 4. Nxd4 Nf6 5. Nc3 g6 6. Be3 Bg7 7. f3 O-O 8. Qd2 Nc6 9. Bc4 Bd7 10. O-O-O Rc8 11. Bb3 Nxd4 12. Bxd4 b5 13. a3 a5 14.
Rhe1 b4 15. axb4 axb4 16. Nd5 Nxd5 17. Bxg7 Kxg7 18. exd5 Re8 19. Qxb4 Rb8 20. Qd4+ Kg8 21. Kd2 Qa5+ 22. Ke2 Rb4 23. Qe3 e6 24. dxe6 Rxb3 25. Qxb3 Bxe6 26. Qc3 Qf5 27. Kf2 Rc8 28. Qd4 Rxc2+ 29.
Rd2 Rc6 30. Ra1 h5 31. Ra8+ Bc8 32. Qe4 Qc5+ 33. Kg3 Qg5+ 0-1